 Dungeon Crawl Stone Soup version 0.28-a0-519-gbfeecf2fc5 (webtiles) character file.

Game seed: 9285327315094311051

4154 Rennog the Basher (level 10, 0/88 HPs)
             Began as a Minotaur Fighter on Sept 23, 2021.
             Was an Elder of Wu Jian.
             Slain by Gastronok (23 damage)
             ... on level 10 of the Dungeon.
             The game lasted 00:09:14 (8033 turns).

Rennog the Basher (Minotaur Fighter)                Turns: 8033, Time: 00:09:14

Health: 0/88       AC: 14    Str: 18 (20) XL:     10   Next: 7%
Magic:  9/9        EV:  7    Int:  2 (5)  God:    Wu Jian [****..]
Gold:   484        SH:  6    Dex: 12 (14) Spells: 9/9 levels left

rFire   + . .      SeeInvis .   a - +0 flail
rCold   . . .      Faith    .   c - +0 buckler
rNeg    + . .      Spirit   .   x - +0 plate armour
rPois   .          Reflect  .   (helmet restricted)
rElec   .          Harm     .   (no cloak)
rCorr   .          Rampage  .   (no gloves)
Will    .....                   m - +0 pair of boots
Stlth   ..........              (no amulet)
HPRegen 0.24/turn               r - ring of protection from fire
MPRegen 0.11/turn               z - ring of positive energy

@: exhausted, on berserk cooldown, slowed, very slow
A: horns 2, retaliatory headbutt
a: Renounce Religion, Wall Jump, Serpent's Lash


You were on level 10 of the Dungeon.
You worshipped Wu Jian.
Wu Jian was greatly pleased with you.
You visited 2 branches of the dungeon, and saw 13 of its levels.

You collected 484 gold pieces.

Inventory:

Hand Weapons
 a - a +0 flail (weapon)
Armour
 b - a +0 scale mail
 c - a +0 buckler (worn)
 m - a +0 pair of boots (worn)
 n - a +0 tower shield
 x - a +0 plate armour (worn)
Jewellery
 r - a ring of protection from fire (left hand)
 u - a ring of wizardry
 v - an amulet of magic regeneration
 z - a ring of positive energy (right hand)
 D - a ring of ice
 E - a ring of flight
Wands
 l - a wand of iceblast (3)
Scrolls
 f - 2 scrolls of amnesia
 h - a scroll of teleportation
 i - a scroll of fear
 k - 2 scrolls of enchant armour
 p - 2 scrolls of immolation
 q - a scroll of silence
 s - a scroll of blinking
 y - a scroll of noise
 F - a scroll of fog {unknown}
Potions
 d - a potion of might
 e - a potion of ambrosia {unknown}
 g - a potion of berserk rage
 j - a potion of lignification {unknown}
 o - a potion of degeneration
 t - 3 potions of curing
 w - a potion of mutation {unknown}
 A - a potion of brilliance {unknown}
 B - 2 potions of haste {unknown}
 C - a potion of attraction {unknown}
 G - a potion of cancellation {unknown}


   Skills:
 + Level 8.0 Fighting
 * Level 10.5 Maces & Flails
 + Level 8.0 Armour
 + Level 6.3 Dodging
 + Level 8.0 Shields


You had 9 spell levels left.
You didn't know any spells.
Your spell library contained the following spells:

 Spells                   Type           Power      Damage    Failure   Level
 Foxfire                  Conj/Fire      0%         2x1d4     100%        1
 Blink                    Tloc           N/A        N/A       100%        2
 Slow                     Hex            0%         N/A       100%        2
 Confusing Touch          Hex            0%         N/A       100%        3
 Conjure Flame            Conj/Fire      0%         6-21      100%        3
 Inner Flame              Hex/Fire       0%         N/A       100%        3
 Cause Fear               Hex            0%         N/A       100%        4
 Flame Wave               Conj/Fire      0%         3d3       100%        4
 Manifold Assault         Tloc           0%         N/A       100%        5
 Yara's Violent Unravell  Hex/Tmut       0%         3d3       100%        5
 Dragon Form              Tmut           0%         N/A       100%        7
 Storm Form               Tmut/Air       0%         N/A       100%        7
 Dragon's Call            Summ           0%         N/A       100%        9


Dungeon Overview and Level Annotations

Branches:
Dungeon (12/15)            Temple (1/1) D:6
   Lair: D:8-11         Orc: D:9-12

Altars:
Ashenzari
Elyvilon
Gozag
Hepliaklqana
Makhleb
Nemelex Xobeh
Okawaru
Qazlal
Wu Jian
Xom
Yredelemnul
Zin
The Shining One

Shops:
D:5 [

Annotations:
D:9 Harold
D:10 Gastronok


Innate Abilities, Weirdness & Mutations

You have a pair of horns on your head.
You reflexively headbutt those who attack you in melee.


Message History

You headbutt the centaur!
You kill the centaur!
The Council accepts your kill.
Things that are here:
a +0 shortbow; 19 arrows; a centaur corpse You are too injured to fight recklessly!
Gastronok the Ponderous comes into view.
Found 12 stones.
You lunge at the howler monkey zombie.
You closely miss the howler monkey zombie.
Gastronok gurgles horribly!
You headbutt the howler monkey zombie!
The howler monkey zombie is heavily damaged.
The howler monkey zombie hits you.
* * * LOW HITPOINT WARNING * * *
The howler monkey zombie barely misses you.
Things that are here:
a +0 shortbow; 19 arrows; a centaur corpse You feel a little less mighty now.
You sock the howler monkey zombie!
You destroy the howler monkey zombie!
The Council accepts your kill.
Okay, then.
It was a potion of degeneration.
There was something very wrong with that liquid.
You feel weakened.
You feel dopey.
You feel clumsy.
It was a potion of berserk rage.
A red film seems to cover your vision as you go berserk!
You feel yourself moving faster!
You feel mighty!
You feel a strong urge to attack something.
Things that are here:
a +0 shortbow; 19 arrows; a centaur corpse You feel your anger nearly subside.
You are no longer berserk.
You are exhausted.
You feel yourself slow down.
Your muscles tense, ready for explosive movement...
Your supernatural speed expires.
You thump Gastronok!
Gastronok is lightly wounded.
Gastronok bites you!!
You die...

#.# #.# .#
#.# .# #.#
..# #.#
..####
#.#####......
#.)..........
#..○○........
#####@w......
#........
#.....(..
#........
.........
#........
#........
#........


You could see Gastronok.

Vanquished Creatures
  A two-headed ogre (D:11)
  A centaur zombie (D:11)
  A komodo dragon (D:12)
  A wraith (D:7)
  A steam dragon (D:7)
  3 sky beasts
  An ice beast (D:5)
  2 orc warriors
  An ogre (D:5)
  3 necrophages
  4 centaurs
  2 kobold brigands
  A water moccasin zombie (D:5)
  A scorpion (D:5)
  A water moccasin skeleton (D:5)
  6 killer bees (D:10)
  3 wights (D:6)
  6 howler monkeys
  A bullfrog zombie (D:5)
  3 hounds
  An orc priest (D:6)
  3 centaur skeletons (D:7)
  An iguana (D:7)
  A hell rat (D:7)
  A killer bee zombie (D:7)
  A hound zombie (D:5)
  2 howler monkey zombies
  3 gnolls (D:3)
  6 adders
  5 river rats (D:7)
  4 ufetubi
  2 worms (D:2)
  A dart slug (D:4)
  9 orcs
  7 endoplasms
  6 hobgoblins
  14 kobolds
  13 quokkas
  4 ball pythons
  4 bats
  4 frilled lizards
  5 goblins
  19 rats
159 creatures vanquished.

Vanquished Creatures (others)
  A scorpion (D:7)
1 creature vanquished.

Grand Total: 160 creatures vanquished

Notes
Turn   | Place    | Note
-------+----------+-------------------------------------------
     0 | D:1      | Rennog the Minotaur Fighter began the quest for the Orb.
     0 | D:1      | Reached XP level 1. HP: 19/19 MP: 0/0
   257 | D:1      | Reached XP level 2. HP: 22/27 MP: 1/1
   356 | D:1      | Reached skill level 3 in Maces & Flails
   389 | D:1      | Found a faded altar of an unknown god.
   454 | D:1      | Became a worshipper of the Wu Jian Council
   454 | D:1      | Reached * piety under Wu Jian
  1003 | D:2      | Reached XP level 3. HP: 33/33 MP: 2/2
  1034 | D:2      | Reached skill level 1 in Dodging
  1938 | D:3      | Reached XP level 4. HP: 40/40 MP: 3/3
  2152 | D:3      | Reached skill level 4 in Maces & Flails
  2942 | D:4      | Found Ulull's Assorted Antiques.
  3093 | D:4      | Reached ** piety under Wu Jian
  3150 | D:4      | Reached XP level 5. HP: 47/47 MP: 4/4
  3350 | D:5      | Entered Level 5 of the Dungeon
  3350 | D:5      | Noticed an ogre
  3549 | D:5      | Noticed a necrophage
  3554 | D:5      | Killed a necrophage
  3610 | D:5      | Reached XP level 6. HP: 48/53 MP: 5/5
  3652 | D:5      | Reached skill level 5 in Maces & Flails
  3915 | D:5      | Noticed a sky beast
  3925 | D:5      | Killed a sky beast
  3926 | D:5      | Reached skill level 5 in Fighting
  3926 | D:5      | Reached skill level 5 in Shields
  4108 | D:5      | Reached XP level 7. HP: 51/61 MP: 6/6
  4194 | D:5      | Found Wyopn's Antique Armour Emporium.
  4213 | D:5      | Reached skill level 5 in Armour
  4284 | D:5      | Reached skill level 6 in Maces & Flails
  4783 | D:6      | Found a staircase to the Ecumenical Temple.
  4859 | Temple   | Entered the Ecumenical Temple
  5571 | D:6      | Reached skill level 7 in Maces & Flails
  5571 | D:6      | Reached XP level 8. HP: 41/70 MP: 7/7
  6373 | D:7      | Reached skill level 8 in Maces & Flails
  6568 | D:7      | Reached *** piety under Wu Jian
  6645 | D:7      | Reached XP level 9. HP: 78/78 MP: 8/8
  6653 | D:7      | Reached skill level 5 in Dodging
  7275 | D:7      | Reached skill level 9 in Maces & Flails
  7781 | D:8      | You fall into a shaft and drop 3 floors!
  7813 | D:11     | You fall into a shaft and drop 1 floor!
  7820 | D:12     | Noticed a komodo dragon
  7838 | D:12     | Killed a komodo dragon
  7875 | D:11     | Noticed a two-headed ogre
  7879 | D:11     | Killed a two-headed ogre
  7880 | D:11     | Reached skill level 10 in Maces & Flails
  7902 | D:10     | Entered Level 10 of the Dungeon
  7911 | D:9      | Noticed Harold
  7931 | D:10     | Noticed a kobold demonologist
  7931 | D:10     | Noticed a kobold demonologist
  7968 | D:10     | Reached **** piety under Wu Jian
  7969 | D:10     | Reached XP level 10. HP: 21/88 MP: 9/9
  8023 | D:10     | Noticed Gastronok
  8033 | D:10     | Slain by Gastronok

Illustrated notes

Levels and vault maps discovered:
D:1:      heliophobic_arrival_enchanted_forest, layout_rooms, serial_rivers,
          chequers_serial_rivers_marsh, chequers_serial_rivers_micro_a,
          chequers_serial_rivers_small_b, chequers_serial_rivers_large_b,
          chequers_serial_rivers_small_3, chequers_serial_rivers_room_b,
          basic_ecumenical_altar
D:2:      wad_crossroads, layout_loops_ring
D:3:      layout_loops_ring, serial_glass, glass_columns_a, glass_columns_a
D:4:      layout_basic, serial_shops, nicolae_shop_stone
D:5:      layout_gridville, serial_shops, shop, grunt_ministairs_15
D:6:      layout_gridville, minmay_temple_entry_tees, kennysheep_dice
D:7:      lemuel_ratsnest, layout_basic
D:8:      layout_basic, grunt_temple_overflow_open, dpeg_lair_monsters
D:9:      layout_stronghold, chequers_temple_overflow_minitemple, orc_0_dummy,
          uniq_harold
D:10:     layout_small_grid, uniq_joseph, uniq_erolcha, uniq_gastronok
D:11:     layout_basic, portal_ice_cave_demonic_guard
D:12:     layout_rooms, dancing_weapons_uskayaw
Temple:   compressed_dpeg_circular_temple

Skill      XL: |  1  2  3  4  5  6  7  8  9 10 |
---------------+-------------------------------+-----
Maces & Flails | 3 4 5 7 8 10 | 10.5
Fighting       | 4 5 6 8 |  8.0
Dodging        | 1 2 3 4 6 |  6.3
Armour         | 4 5 6 7 8 |  8.0
Shields        | 4 5 6 7 8 |  8.0

Action                   |  1- 3 |  4- 6 |  7- 9 | 10-12 || total
-------------------------+-------+-------+-------+-------++-------
Melee: Flail             |    78 |   109 |   303 |    17 ||   507
       Headbutt          |     7 |    24 |    71 |     2 ||   104
Invok: Lunge             |     7 |    10 |    16 |     1 ||    34
       Whirlwind         |       |       |     4 |       ||     4
       Serpent's Lash    |       |       |       |     1 ||     1
Evoke: Wand              |       |       |     4 |       ||     4
  Use: Scroll            |       |       |    10 |       ||    10
       Potion            |       |       |     3 |     2 ||     5
Armor: Scale mail        |    24 |    51 |     3 |       ||    78
       Plate armour      |       |       |   150 |     8 ||   158
Dodge: Dodged            |    46 |    36 |    86 |     8 ||   176
Block: Buckler           |    18 |    24 |    77 |     8 ||   127

Table legend: (Time is in decaauts)
 A = Elapsed time spent in this place.
 B = Non-inter-level travel time spent in this place.
 C = Inter-level travel time spent in this place.
 D = Time resting spent in this place.
 E = Time spent auto-exploring this place.
 F = Levels seen in this place.
 G = Mean time per level.
                   A        B        C        D        E       F      G
               +--------+--------+--------+--------+--------+-----+--------+
         Total |   8102 |   7701 |    401 |    151 |   6464 |  13 |  623.2 |
       Dungeon |   8026 |   7661 |    365 |    151 |   6434 |  12 |  668.8 |
        Temple |     75 |     39 |     36 |      0 |     30 |   1 |   75.0 |
               +--------+--------+--------+--------+--------+-----+--------+

Top non-repeatable levels by time:
     D:7: 1595 daAuts
     D:6: 1345 daAuts
     D:5: 1204 daAuts
     D:2: 968 daAuts
     D:1: 932 daAuts
     D:4: 927 daAuts
     D:3: 770 daAuts
    D:10: 124 daAuts
  Temple: 75 daAuts
    D:12: 61 daAuts
    D:11: 58 daAuts
     D:8: 35 daAuts
     D:9: 1 daAuts
